 Dungeon Crawl Stone Soup version 0.24-a0-439-g6dd8730de2 (webtiles) character file.

Game seed: 13958011101051157102

7194 ivs the Slicer (level 11, -2/58 HPs)
             Began as a Vine Stalker Fighter on June 17, 2019.
             Was a Priest of Uskayaw.
             Slain by a cyclops (20 damage)
             ... on level 10 of the Dungeon.
             The game lasted 00:50:09 (3729 turns).

ivs the Slicer (Vine Stalker Fighter)               Turns: 3729, Time: 00:50:10

Health: -2/58      AC: 11    Str: 20    XL:     11   Next: 11%
Magic:  0/16       EV: 10    Int:  8    God:    Uskayaw [***...]
Gold:   61         SH:  9    Dex: 16    Spells: 10/10 levels left

rFire    + . .     SeeInvis +   b - +3 rapier (speed)
rCold    . . .     Gourm    .   c - +0 shield
rNeg     + . .     Faith    +   u - +2 ring mail of the Tormentor {rF+ rN+}
rPois    .         Spirit   +   g - +2 helmet
rElec    .         Reflect  .   J - +0 cloak
rCorr    .         Harm     .   (no gloves)
MR       +....                  (no boots)
Stlth    ++........             y - amulet of faith
HPRegen  0.59/turn              I - ring of see invisible
MPRegen  0.15/turn              (no ring)

@: no status effects
A: fangs 3, regeneration 1, magic shield, antimagic bite, no potion heal 3, rot
immunity
a: Stomp, Line Pass, Renounce Religion


You were on level 10 of the Dungeon.
You worshipped Uskayaw.
Uskayaw was noncommittal.
You were not hungry.

You visited 2 branches of the dungeon, and saw 11 of its levels.
You also visited: Ossuary.

You collected 341 gold pieces.
You spent 280 gold pieces at shops.

Inventory:

Hand Weapons
 a - a +2 short sword of venom
 b - a +3 rapier of speed (weapon)
 f - a +2 scimitar of flaming
 l - the +8 hunting sling of Light {venom, rF+ Str+4, unknown}
   (You found it on level 8 of the Dungeon)

   It poisons the ammo it fires.
   It affects your strength (+4).
   It protects you from fire.
 D - a cursed -2 great sword
Missiles
 q - 29 poisoned darts
 x - 2 javelins (quivered)
Armour
 c - a +0 shield (worn)
 g - a +2 helmet (worn)
 u - the +2 ring mail of the Tormentor (worn) {rF+ rN+}
   (You found it on level 6 of the Dungeon)

   It protects you from fire.
   It protects you from negative energy.
 J - a +0 cloak (worn)
Magical Staves
 C - an uncursed staff of energy {unknown}
Jewellery
 y - an amulet of faith (around neck)
 B - a +5 ring of intelligence
 I - a ring of see invisible (left hand)
Wands
 d - a wand of flame (46)
 e - a wand of polymorph (4)
 o - a wand of scattershot (3)
 F - a wand of paralysis (6)
 G - a wand of iceblast (8)
Scrolls
 p - a scroll of noise {unknown}
 s - a scroll of random uselessness {unknown}
 t - 3 scrolls of teleportation
 v - a scroll of blinking {unknown}
 w - 2 scrolls of magic mapping
Potions
 h - a potion of invisibility
 i - a potion of might
 j - a potion of resistance {unknown}
 k - a potion of magic {unknown}
 m - a potion of berserk rage
 r - 2 potions of flight
 z - 3 potions of curing {unknown}
 A - 2 potions of lignification
Comestibles
 n - 3 chunks of flesh
 E - 13 rations


   Skills:
 + Level 6.7 Fighting
 * Level 9.4 Short Blades
   Level 5.1 Maces & Flails
 - Level 2.3 Throwing
 - Level 3.0 Armour
 - Level 3.5 Dodging
 - Level 3.3 Stealth
 + Level 3.2 Shields
 + Level 5.4 Invocations
 - Level 4.2 Evocations


You had 10 spell levels left.
You didn't know any spells.
Your spell library contained the following spells:

 Spells                   Type           Power        Failure   Level  Hunger
 Bolt of Magma            Conj/Fire/Erth #.........   100%        5    ######.
 Iskenderun's Battlesphe  Conj/Chrm      #.......     100%        5    ######.
 Venom Bolt               Conj/Pois      #.........   100%        5    ######.
 Iron Shot                Conj/Erth      #.........   100%        6    #######
 Orb of Destruction       Conj           #.........   100%        7    #######
 Spellforged Servitor     Conj/Summ      #.........   100%        7    #######


Dungeon Overview and Level Annotations

Branches:
Dungeon (10/15)            Temple (1/1) D:4
   Lair: D:8-11         Orc: D:9-12

Altars:
Ashenzari
Nemelex Xobeh
Okawaru
Uskayaw

Shops:
D:4 :   D:9 }


Innate Abilities, Weirdness & Mutations

You have razor-sharp teeth.
Your natural rate of healing is unusually fast.
When hurt, damage is shared between your health and your magic reserves.
Your bite disrupts and absorbs the magic of your enemies.
Potions cannot restore your health.
You are immune to rotting.


Message History

Okay, then.
Unknown command.
The cyclops throws a large rock.
You block the large rock.
You see here a large rock.
You see here a large rock.
The cyclops hits you!!
Items here: ) [ †† a +0 halberd; a cursed +0 chain mail; a worker ant corpse; an orc corpse You hit the cyclops.
You bite the cyclops! You drain its power.
You feel invigorated.
The cyclops is moderately wounded.
Uskayaw will force your foes to share their pain.
Your shield prevents you from hitting the cyclops.
The cyclops is moderately wounded.
The cyclops hits you!!
Aiming: Line Pass
Press: ? - help, Dir - move target cursor The cyclops appears confused.
You feel somewhat more hungry. The cyclops hits you!!
You die...

.......))).#.......
.###.###.†.#.......
.##..#......
.##....##### ##
.##........
##.##.#(.......
..#...#.#).......
........C...############
.|:)...@#.....#.........
)=:)}##.#.....#.........
#### .##.....#.........
.##......#.........
.##.......#.........
###....#####.....####
##.................
##................
##....)†.........


You could see a cyclops (confused).

Vanquished Creatures
  A salamander (shapeshifter) (D:10)
  An efreet (D:10)
  A troll (D:9)
  A hornet (D:9)
  A hippogriff (D:8)
  Grinder (D:5)
  2 humans (D:8)
  A yak (D:9)
  A hog (D:8)
  A steam dragon (D:10)
  Duvessa (D:6)
  A black bear (D:9)
  4 sky beasts
  An ice beast (D:9)
  5 orc warriors
  A phantom (D:4)
  A necrophage (D:9)
  5 ogres
  6 centaurs
  A big kobold (D:10)
  An elf zombie (Ossuary)
  8 bullfrogs
  Dowan (D:6)
  A wyvern skeleton (D:9)
  3 scorpions
  4 killer bees (D:10)
  7 wights
  A bullfrog zombie (D:5)
  5 crimson imps
  2 centaur zombies
  2 human zombies (Ossuary)
  3 jellies
  7 orc priests
  11 orc wizards
  A bullfrog skeleton (D:5)
  3 iguanas
  6 worker ants
  2 hound zombies
  2 hound skeletons
  4 mummies
  5 gnolls
  A howler monkey skeleton (D:9)
  7 adders
  A shadow imp (D:10)
  An ooze (D:1)
  5 adder zombies
  A worm (D:2)
  2 leopard geckos
  32 orcs
  4 bats
  2 giant cockroaches
  4 goblins
  3 hobgoblins (D:1)
  9 jackals
  13 kobolds
  3 quokkas
  6 frilled lizards
  A gnoll zombie (Ossuary)
  4 goblin zombies (Ossuary)
  4 hobgoblin zombies
  2 jackal zombies (Ossuary)
  3 kobold zombies (Ossuary)
  An orc zombie (Ossuary)
  A quokka skeleton (D:4)
  6 quokka zombies (Ossuary)
  2 rats
  3 rat zombies (Ossuary)
237 creatures vanquished.

Notes
Turn   | Place    | Note
-------+----------+-------------------------------------------
     0 | D:1      | ivs the Vine Stalker Fighter began the quest for the Orb.
     0 | D:1      | Reached XP level 1. HP: 11/11 MP: 2/2
    37 | D:1      | Reached XP level 2. HP: 14/16 MP: 3/3
   374 | D:2      | Reached XP level 3. HP: 12/19 MP: 2/4
   685 | D:4      | Found Uhuphauk's Book Boutique.
   764 | D:4      | Noticed a bullfrog
   785 | D:4      | Reached skill level 1 in Throwing
   785 | D:4      | Gained mutation: Your natural rate of healing is unusually
                  | fast. [Vine Stalker growth]
   785 | D:4      | Reached XP level 4. HP: 20/23 MP: 2/5
   817 | D:4      | Reached XP level 5. HP: 22/27 MP: 6/6
   843 | D:4      | Noticed a phantom
   883 | D:4      | Reached XP level 6. HP: 23/32 MP: 5/7
   929 | D:4      | Killed a phantom
   929 | D:4      | Reached skill level 5 in Maces & Flails
  1012 | D:5      | Entered Level 5 of the Dungeon
  1045 | D:4      | Found a staircase to the Ecumenical Temple.
  1051 | Temple   | Entered the Ecumenical Temple
  1054 | Temple   | Became a worshipper of Uskayaw the Reveler
  1113 | D:5      | Noticed Grinder
  1115 | D:5      | Reached * piety under Uskayaw
  1118 | D:5      | Killed Grinder
  1118 | D:5      | Reached skill level 2 in Short Blades
  1118 | D:5      | Reached skill level 1 in Invocations
  1118 | D:5      | Reached XP level 7. HP: 30/36 MP: 7/9
  1118 | D:5      | Reached ** piety under Uskayaw
  1232 | D:5      | Reached *** piety under Uskayaw
  1233 | D:5      | Reached skill level 1 in Evocations
  1244 | D:5      | Reached skill level 3 in Short Blades
  1280 | D:5      | Gained mutation: You have razor-sharp teeth. [Vine Stalker
                  | growth]
  1280 | D:5      | Reached XP level 8. HP: 28/42 MP: 5/10
  1281 | D:5      | Reached **** piety under Uskayaw
  1286 | D:5      | Reached ***** piety under Uskayaw
  1339 | D:5      | Found a sand-covered staircase.
  1355 | Ossuary  | Entered an ossuary
  1497 | Ossuary  | Reached skill level 1 in Stealth
  1520 | Ossuary  | Reached skill level 4 in Short Blades
  1880 | D:6      | Reached skill level 5 in Short Blades
  1927 | D:6      | Noticed Duvessa
  1927 | D:6      | Noticed Dowan
  2017 | D:6      | Killed Duvessa
  2026 | D:6      | Killed Dowan
  2026 | D:6      | Reached XP level 9. HP: 45/45 MP: 12/12
  2410 | D:6      | Got a heavily runed ring mail
  2421 | D:6      | Identified the +2 ring mail of the Tormentor {rF+ rN+} (You
                  | found it on level 6 of the Dungeon)
  2538 | D:8      | Found an iron altar of Okawaru.
  2544 | D:8      | Got an iridescent hunting sling
  2574 | D:8      | Noticed Maurice
  2597 | D:8      | Noticed Maurice
  2597 | D:8      | Maurice changed into Maurice the hog
  2605 | D:8      | Killed Maurice the hog
  2605 | D:8      | Reached skill level 6 in Short Blades
  2605 | D:8      | Reached skill level 1 in Dodging
  2661 | D:8      | Reached skill level 5 in Fighting
  2670 | D:8      | Reached skill level 7 in Short Blades
  2720 | D:8      | Reached XP level 10. HP: 25/51 MP: 14/14
  2999 | D:9      | Found Paji's Gadget Boutique.
  3029 | D:9      | Found a sparkling altar of Nemelex Xobeh.
  3052 | D:9      | Reached skill level 8 in Short Blades
  3172 | D:9      | Bought a wand of paralysis (6) for 112 gold pieces
  3172 | D:9      | Bought a wand of iceblast (8) for 168 gold pieces
  3223 | D:9      | Got a spiked scale mail
  3302 | D:9      | Identified the +0 scale mail of Inviolability {Str+2} (You
                  | found it on level 9 of the Dungeon)
  3478 | D:10     | Entered Level 10 of the Dungeon
  3481 | D:10     | Noticed a death yak
  3490 | D:10     | Noticed a death yak
  3626 | D:10     | Reached skill level 9 in Short Blades
  3626 | D:10     | Reached skill level 5 in Invocations
  3649 | D:10     | Noticed a salamander
  3664 | D:10     | Reached XP level 11. HP: 41/58 MP: 15/15
  3668 | D:10     | Killed a salamander
  3690 | D:10     | Noticed a cyclops
  3729 | D:10     | Slain by a cyclops

Levels and vault maps discovered:
D:1:      ncdulo_smallfort, layout_basic, doesnt_xom_only_xom
D:2:      layout_loops_ring, first_ration, minmay_fountain_box,
          minmay_octomino_j4
D:3:      layout_loops_ring, nicolae_overflow_crystal_walls, minitemple
D:4:      minmay_clustersquares, layout_rooms, nicolae_ru_awakened_eye,
          minmay_temple_entry_hall, serial_shops, shop_fountains
D:5:      layout_cave_pools, kennysheep_mini, nicolae_ossuary_entry_giza,
          uniq_grinder
D:6:      layout_cave_pods, lemuel_doored_altar, tgw_trog,
          kennysheep_generic_room_6, uniq_duvessa
D:7:      layout_basic
D:8:      layout_rooms, okawaru_humans, kennysheep_mini_moat, uniq_maurice
D:9:      layout_cave_pools, overflow_temple_1_default, serial_shops, shop
D:10:     minmay_the_grid_octo_2x2 [minmay_the_grid_octo_toaster,
          minmay_the_grid_octo_clover_2, minmay_the_grid_octo_odd_swirl,
          minmay_the_grid_octo_prize_ultimate_mussel_roller], layout_grid_maze,
          dpeg_lair_monsters, minmay_orc_entry_guard_dogs
Temple:   nicolae_temple_hex_pool

Skill      XL: |  1  2  3  4  5  6  7  8  9 10 |
---------------+-------------------------------+-----
Maces & Flails | 2 3 4 5 |  5.1
Throwing       | 1 2 |  2.3
Fighting       | 3 4 5 6 |  6.7
Short Blades   | 2 3 5 7 9 |  9.4
Invocations    | 1 2 3 4 5 |  5.4
Evocations     | 1 3 4 |  4.2
Stealth        | 2 3 |  3.3
Shields        | 3 |  3.2
Armour         | 3 |  3.0
Dodging        | 2 3 |  3.5

Action                   |  1- 3 |  4- 6 |  7- 9 | 10-12 || total
-------------------------+-------+-------+-------+-------++-------
Melee: Flail             |   134 |    59 |       |       ||   193
       Bite              |    35 |    30 |   124 |    84 ||   273
       Rapier            |       |    25 |   326 |   231 ||   582
       Short sword       |       |       |       |     7 ||     7
Throw: Javelin           |     3 |     5 |     6 |     9 ||    23
Invok: Line Pass         |       |       |     4 |    13 ||    17
       Stomp             |       |       |     2 |     4 ||     6
Evoke: Wand              |     1 |       |     2 |     1 ||     4
  Use: Potion            |       |     1 |     2 |       ||     3
       Scroll            |       |       |    12 |     4 ||    16
 Stab: Paralysed         |       |       |    16 |    13 ||    29
       Sleeping          |       |       |     1 |     2 ||     3
       Confused          |       |       |       |     5 ||     5
  Eat: Chunk             |       |     1 |     6 |     9 ||    16
Armor: Scale mail        |    44 |       |       |       ||    44
       Chain mail        |    12 |    25 |    70 |       ||   107
       Ring mail         |       |       |    22 |    54 ||    76
Dodge: Dodged            |    32 |     7 |    46 |    63 ||   148
Block: Shield            |    62 |    41 |    98 |    72 ||   273

Table legend:
 A = Non-vault XP
 B = Vault XP
 C = Vault XP percentage of total XP
 D = Non-vault monster count
 E = Vault monster count
 F = Vault count percentage of total count
                 A         B        C        D         E       F
            +---------+---------+-------+---------+---------+-------
      Total |    6681 |    3597 |  35.0 |     169 |      68 |  28.7
            +---------+---------+-------+---------+---------+-------
        D:1 |      30 |       0 |   0.0 |      16 |       0 |   0.0
        D:2 |      22 |       9 |  29.0 |      14 |       4 |  22.2
        D:3 |       1 |       0 |   0.0 |       1 |       0 |   0.0
        D:4 |      62 |     373 |  85.7 |       8 |      10 |  55.6
        D:5 |     578 |     268 |  31.7 |      21 |       3 |  12.5
        D:6 |     493 |     405 |  45.1 |      15 |       5 |  25.0
        D:7 |     304 |       0 |   0.0 |       9 |       0 |   0.0
        D:8 |    1938 |     591 |  23.4 |      25 |       3 |  10.7
        D:9 |    2556 |     202 |   7.3 |      44 |       1 |   2.2
       D:10 |     697 |    1411 |  66.9 |      16 |       9 |  36.0
    Ossuary |       0 |     338 | 100.0 |       0 |      33 | 100.0
            +---------+---------+-------+---------+---------+-------
